 Dungeon Crawl Stone Soup version 0.18.1-50-g88ac8fd (webtiles) character file.

2640 Letos the Carver (level 9, -1/72 HPs)
             Began as a Formicid Fighter on Oct 22, 2016.
             Was an Initiate of Okawaru.
             Slain by Gastronok (23 damage)
             ... on level 8 of the Dungeon.
             The game lasted 00:10:25 (7243 turns).

Letos the Carver (Formicid Fighter)                 Turns: 7243, Time: 00:10:26

Health: -1/72      AC: 13    Str: 30    XL:     9   Next: 92%
Magic:  16/18      EV:  8    Int: 10    God:    Okawaru [......]
Gold:   448        SH: 12    Dex: 10    Spells: 0 memorised, 8 levels left

rFire  . . .     SeeInvis +     a - +1 long sword
rCold  + . .     Gourm    .     F - +0 chain mail
rNeg   . . .     Faith    .     c - +0 shield
rPois  .         Spirit   .     (helmet unavailable)
rElec  +         Dismiss  .     v - +1 cloak
rCorr  .         Reflect  .     w - +0 pair of gloves
SustAt .         Harm     .     (no boots)
MR     .....                    (no amulet)
Stlth  ..........               D - +3 ring of strength
                                I - ring of Ringahui {*Contam rElec rC+ MP+9}

@: mighty, not resistant to hostile enchantments, extremely unstealthy
A: permanent stasis, dig shafts and tunnels, four strong arms, antennae 3
a: Dig, Shaft Self, Renounce Religion


You were on level 8 of the Dungeon.
You worshipped Okawaru.
Okawaru was noncommittal.
You were not hungry.

You visited 2 branches of the dungeon, and saw 9 of its levels.
You also visited: Sewer.

You collected 448 gold pieces.

Inventory:

Hand Weapons
 a - a +1 long sword (weapon)
Armour
 c - a +0 shield (worn)
 v - a +1 cloak (worn)
 w - a +0 pair of gloves (worn)
 F - a +0 chain mail (worn)
Jewellery
 b - an uncursed ring of ice
 x - an uncursed ring of protection from cold
 y - an uncursed ring of stealth
 D - a +3 ring of strength (right hand)
 I - the ring of Ringahui (left hand) {*Contam rElec rC+ MP+9}
   (You found it on level 7 of the Dungeon)

   [ring of protection from cold]

   It protects you from cold.
   It insulates you from electricity.
   It affects your magic capacity (+9).
   It causes magical contamination when unequipped.
Wands
 C - a wand of flame (26/48)
Scrolls
 e - 9 scrolls of identify
 g - a scroll of magic mapping
 h - 2 scrolls of enchant weapon
 n - a scroll of remove curse
 o - a scroll of fog
 p - 2 scrolls of enchant armour
 q - a scroll of fear
 t - a scroll of random uselessness {unknown}
Potions
 i - 2 potions of mutation {unknown}
 l - 4 potions of magic
 m - 4 potions of heal wounds {unknown}
 r - a potion of brilliance {unknown}
 s - a potion of flight {unknown}
 u - 2 potions of curing {unknown}
 z - 2 potions of haste {unknown}
 A - a potion of agility {unknown}
 E - a potion of cure mutation {unknown}
 G - a potion of resistance {unknown}
Comestibles
 f - 5 bread rations
 j - 2 meat rations
 k - a beef jerky
 B - 3 slices of pizza
 H - a chunk of flesh
 J - 2 royal jellies


   Skills:
 + Level 7.5 Fighting
 * Level 9.2 Long Blades
 - Level 5.0 Armour
 + Level 7.9 Shields


You had 8 spell levels left.
You didn't know any spells.

Dungeon Overview and Level Annotations

Branches:
Dungeon (8/15)             Temple (1/1) D:7
   Lair: D:8-11

Altars:
Cheibriados
Dithmenos
Elyvilon
Fedhas
Gozag
Kikubaaqudgha
Makhleb
Nemelex Xobeh
Okawaru
Pakellas
Ru
Sif Muna
Trog
Vehumet
Xom
Yredelemnul
Zin
The Shining One

Annotations:
D:8 Gastronok


Innate Abilities, Weirdness & Mutations

You are under a permanent stasis effect.
You can dig through walls and to a lower floor.
Your four strong arms can wield two-handed weapons with a shield.
You have a pair of large antennae on your head (SInv).


Message History

Gastronok is lightly wounded.
You slice Gastronok!!
Gastronok is moderately wounded.
You block Gastronok's attack.
You hit Gastronok.
Gastronok is moderately wounded.
You slice Gastronok!!
Gastronok is heavily wounded.
Gastronok bites you but does no damage.
You slice Gastronok!!
Gastronok is severely wounded.
You slice Gastronok!!
Gastronok is severely wounded.
Gastronok bites you!!
You slice Gastronok!!
Gastronok is almost dead.
You slash Gastronok!
Gastronok is almost dead.
Gastronok bites you!!
You die...

... #.. ..
.. #. #.
#.#######.#
#w@<......#
#..########
#..# #..#
#..# #...
#..# ....


You could see Gastronok.

Vanquished Creatures
  A water moccasin (D:6)
  2 ice beasts
  A black bear (D:7)
  A phantom (D:6)
  A necrophage (D:5)
  2 sky beasts (D:6)
  2 ogres (D:4)
  5 big kobolds (Sewer)
  A gnoll sergeant (D:6)
  2 giant frogs
  A scorpion (D:6)
  5 howler monkeys
  A crimson imp (D:5)
  2 jellies (D:6)
  5 orc priests
  A centaur skeleton (D:4)
  2 hounds
  Jessica (D:3)
  3 iguanas
  5 orc wizards
  2 worker ants (D:7)
  A worker ant zombie (D:5)
  Robin (D:3)
  5 gnolls (D:6)
  4 adders
  5 river rats
  A shadow imp (D:6)
  8 oozes
  An adder zombie (D:6)
  5 worms
  An adder skeleton (D:5)
  3 dart slugs
  8 giant geckos
  21 orcs
  4 ball pythons (Sewer)
  6 giant cockroaches
  15 goblins
  6 hobgoblins
  6 jackals (D:3)
  A quokka (D:2)
  10 bats
  2 giant gecko skeletons
  9 giant newts
  A jackal skeleton (D:4)
  6 kobolds
  13 rats
189 creatures vanquished.

Notes
Turn   | Place    | Note
--------------------------------------------------------------
     0 | D:1      | Letos the Formicid Fighter began the quest for the Orb.
     0 | D:1      | Reached XP level 1. HP: 18/18 MP: 1/1
   148 | D:1      | Reached XP level 2. HP: 24/24 MP: 2/2
   391 | D:1      | Reached XP level 3. HP: 29/29 MP: 3/3
  1239 | D:2      | Reached XP level 4. HP: 36/36 MP: 4/4
  1432 | D:2      | Found a sparkling altar of Nemelex Xobeh.
  1432 | D:2      | Found an opulent altar of Gozag.
  1693 | D:3      | Reached skill level 3 in Long Blades
  2100 | D:3      | Noticed Robin
  2134 | D:3      | Killed Robin
  2136 | D:3      | Reached XP level 5. HP: 42/42 MP: 5/5
  2315 | D:3      | Noticed Jessica
  2320 | D:3      | Killed Jessica
  2500 | D:3      | Reached skill level 4 in Long Blades
  2500 | D:3      | Reached XP level 6. HP: 47/48 MP: 6/6
  2786 | D:4      | Noticed an ogre
  2957 | D:4      | Noticed an ogre
  2965 | D:4      | Killed an ogre
  3047 | D:4      | Noticed an ice beast
  3069 | D:4      | Killed an ice beast
  3069 | D:4      | Reached XP level 7. HP: 55/55 MP: 7/7
  3209 | D:4      | Reached skill level 5 in Long Blades
  3257 | D:4      | Reached skill level 5 in Armour
  3257 | D:4      | Reached skill level 5 in Shields
  3321 | D:4      | Reached skill level 5 in Fighting
  3346 | D:5      | Entered Level 5 of the Dungeon
  3414 | D:5      | Reached XP level 8. HP: 20/62 MP: 8/8
  3903 | D:5      | Reached skill level 6 in Long Blades
  3923 | D:5      | Found a bloodstained altar of Trog.
  4563 | D:6      | Found a glowing drain.
  4566 | Sewer    | Entered a sewer
  4876 | Sewer    | Reached skill level 7 in Long Blades
  5218 | Sewer    | Reached XP level 9. HP: 69/69 MP: 9/9
  5477 | D:6      | Reached skill level 8 in Long Blades
  5826 | D:6      | Found a white marble altar of Elyvilon.
  6125 | D:6      | Found a shimmering altar of Xom.
  6126 | D:6      | Found a white marble altar of Elyvilon.
  6457 | D:7      | Found an iron altar of Okawaru.
  6466 | D:7      | Became a worshipper of Warmaster Okawaru
  6729 | D:7      | Reached skill level 9 in Long Blades
  6899 | D:7      | Found a staircase to the Ecumenical Temple.
  6916 | Temple   | Entered the Ecumenical Temple
  7193 | D:7      | Got a coiled lead ring
  7195 | D:7      | Identified the ring of Ringahui {*Contam rElec rC+ MP+9} (You found it on level 7 of the Dungeon)
  7232 | D:8      | Noticed Gastronok
  7243 | D:8      | Slain by Gastronok

Skill      XL: |  1  2  3  4  5  6  7  8  9 |
---------------+----------------------------+-----
Armour         | 4 5 |  5.0
Long Blades    | 3 4 5 7 9 |  9.2
Shields        | 4 5 6 7 |  7.9
Fighting       | 4 5 6 7 |  7.5

Action                   |  1- 3 |  4- 6 |  7- 9 || total
-------------------------+-------+-------+-------++-------
Melee: Long sword        |    77 |   181 |   530 ||   788
       Unarmed           |       |    15 |       ||    15
 Abil: Dig               |     1 |     2 |    11 ||    14
  Use: Scroll            |       |     8 |     3 ||    11
       Potion            |       |       |     2 ||     2
  Eat: Chunk             |     1 |     3 |    10 ||    14
       Bread ration      |       |       |     1 ||     1
Armor: Scale mail        |    32 |    25 |       ||    57
       Chain mail        |       |    83 |   151 ||   234
       Skin              |       |     3 |       ||     3
Dodge: Dodged            |    16 |    49 |    93 ||   158
Block: Shield            |    33 |    93 |   222 ||   348
